 Dungeon Crawl Stone Soup version 0.31-a0-1598-g94871bc2e8 (webtiles) character file.

Game seed: 1560162823303319420

23 shadizar the Ducker (level 3, -1/29 HPs)
             Began as a Djinni Gladiator on Jan 7, 2024.
             Slain by a jackal (3 damage)
             ... on level 1 of the Dungeon.
             The game lasted 00:01:08 (322 turns).

shadizar the Ducker (Djinni Gladiator)               Turns: 322, Time: 00:01:08

Health: -1/29      AC:  4    Str: 15    XL:     3   Next: 12%
Gold:   12         EV: 12    Int:  9    God:
                   SH:  0    Dex: 14

rFire   + + .        a - +0 long sword
rCold   x . .        (no shield)
rNeg    . . .        b - +0 leather armour
rPois   ∞            c - +0 helmet
rElec   .            (no cloak)
rCorr   .            (no gloves)
SInv    .            (boots unavailable)
Will    .....        (no amulet)
Stlth   +            (no ring)
HPRegen 0.24/turn    (no ring)
MPRegen 0.00/turn

%: infuse magic (-2 HP)
@: flying
A: sickness immunity, fire resistance 2, cold vulnerability 1, float, innate
caster, HP casting, extra vitality 1
a: no special abilities


You were on level 1 of the Dungeon.
You visited 1 branch of the dungeon, and saw 1 of its levels.

You collected 12 gold pieces.

Inventory:

Hand Weapons
 a - a +0 long sword (weapon)
Missiles
 e - a javelin
Armour
 b - a +0 leather armour (worn)
 c - a +0 helmet (worn)


   Skills:
 + Level 2.3 Fighting
 + Level 3.0 Long Blades
 - Level 1.5 Throwing
 + Level 1.0 Armour
 + Level 3.6 Dodging


You knew the following spells:

 Your Spells              Type           Power      Damage    Failure   Level
a - Kiss of Death         Conj/Necr      0%         2d5       45%         1
Your spell library was empty.

Dungeon Overview and Level Annotations

Branches:
Dungeon (1/15)

Altars:


Innate Abilities, Weirdness & Mutations

You are immune to sickness and miasma.
You are immune to poison.
Your flesh is very heat resistant. (rF++)
You are vulnerable to cold. (rC-)
You float through the air rather than walking.
You learn spells naturally, not from books.
Your magical power is your life essence.
You have superior vitality. (+4 MHP)


Message History

You hear a shout!
The bat hits you. The jackal bites you. The rat bites you but does no damage.
A jackal comes into view.
The jackal bites you. The quokka closely misses you.
The bat closely misses you. The rat barely misses you.
The jackal bites you but does no damage.
The quokka attacks as it pursues you! The quokka misses you.
The bat barely misses you. The jackal barely misses you.
A hobgoblin comes into view.
Found 13 gold pieces.
The hobgoblin shouts!
The bat attacks as it pursues you! The bat closely misses you.
The bat hits you but does no damage. The jackal barely misses you.
The quokka bites you but does no damage.
The jackal misses you. The jackal bites you. The bat barely misses you.
The quokka attacks as it pursues you! The quokka bites you.
You see here 5 poisoned darts.
The jackal barks!
The bat hits you but does no damage. The jackal bites you.
* * * LOW HITPOINT WARNING * * *
The jackal bites you.
* * * LOW HITPOINT WARNING * * *
The jackal closely misses you. The quokka barely misses you.
The jackal closely misses you. The jackal misses you.
The jackal completely misses you.
The jackal bites you but does no damage.
The quokka bites you but does no damage.
The bat closely misses you.
The jackal bites you but does no damage.
The jackal bites you.
* * * LOW HITPOINT WARNING * * *
The bat misses you. The bat barely misses you. The jackal closely misses you.
The quokka closely misses you.
The jackal bites you but does no damage.
The jackal closely misses you. The jackal barely misses you.
Unknown command.
The bat closely misses you. The bat hits you.
* * * LOW HITPOINT WARNING * * *
The quokka misses you. The jackal bites you.
You die...

..# #.# .# #.# #
########)#
##.#.....##.##
##..#.....#...#
#...........#......#
#...#r....#...#.##.#
...#..hhr...##.##.#
#....gh@b:.....# #
.....h#####.####
.##... ...$ #..
##### #. .... .. .#
#.


You could see a quokka, 4 jackals, a hobgoblin, a bat and a rat.

Vanquished Creatures
  A gnoll (D:1)
  A dart slug (D:1)
  2 endoplasms (D:1)
  2 jackals (D:1)
  A quokka (D:1)
  A bat (D:1)
  A frilled lizard (D:1)
  2 kobolds (D:1)
  2 rats (D:1)
13 creatures vanquished.

Notes
Turn   | Place    | Note
-------+----------+-------------------------------------------
     0 | D:1      | shadizar the Djinni Gladiator began the quest for the Orb.
     0 | D:1      | Reached XP level 1. HP: 18/18 MP: 0/0
   178 | D:1      | Reached XP level 2. HP: 23/23 MP: 0/0
   301 | D:1      | Reached skill level 1 in Armour
   301 | D:1      | Reached XP level 3. HP: 16/29 MP: 0/0
   301 | D:1      | Learned a level 1 spell: Kiss of Death
   322 | D:1      | Slain by a jackal

Illustrated notes

Levels and vault maps discovered:
D:1:      heliophobic_arrival_battle_scene, layout_loops_ring,
          chequers_ecumenical_altar_island, hangedman_glass_teeth

Skill      XL: |  1  2 |
---------------+-------+-----
Long Blades    | 3 |  3.0
Armour         | 1 |  1.0
Fighting       | |  2.3
Throwing       | |  1.5
Dodging        | |  3.6

Action                     || total
---------------------------++-------
  Melee: Long sword        ||    36
         Punch             ||     1
 Armour: Leather armour    ||    45
  Dodge: Dodged            ||    53

Table legend: (Time is in decaauts)
 A = Elapsed time spent in this place.
 B = Non-inter-level travel time spent in this place.
 C = Inter-level travel time spent in this place.
 D = Time resting spent in this place.
 E = Time spent auto-exploring this place.
 F = Levels seen in this place.
 G = Mean time per level.
                   A        B        C        D        E       F      G
               +--------+--------+--------+--------+--------+-----+--------+
         Total |    331 |    331 |      0 |      0 |    202 |   1 |  331.0 |
       Dungeon |    331 |    331 |      0 |      0 |    202 |   1 |  331.0 |
               +--------+--------+--------+--------+--------+-----+--------+

Top non-repeatable levels by time:
     D:1: 331 daAuts
